 Dungeon Crawl Stone Soup version 0.28-a0-1638-g9123634e07 (webtiles) character file.

Game seed: 11991223557054261931

30861 fragbeetle the Arsonist (level 13, -1/105 HPs)
             Began as a Hill Orc Cinder Acolyte on Jan 26, 2022.
             Was a High Priest of Ignis.
             Slain by a bog body (12 damage)
             ... on level 4 of the Lair of Beasts.
             The game lasted 00:44:12 (18721 turns).

fragbeetle the Arsonist (Hill Orc Cinder Acolyte)  Turns: 18721, Time: 00:44:14

Health: -1/105     AC: 20    Str: 20    XL:     13   Next: 54%
Magic:  5/21       EV: 15    Int: 18    God:    Ignis [*****.]
Gold:   881        SH:  0    Dex:  6    Spells: 15/23 levels left

rFire   + . .      SeeInvis .   e - +5 spear of the Harvest {drain, Will+ Int+2}
rCold   . . .      Faith    .   (no shield)
rNeg    . . .      Spirit   .   J - +5 acid dragon scales
rPois   +          Reflect  .   u - +0 helmet
rElec   .          Harm     .   b - +0 cloak
rCorr   +          Rampage  .   c - +2 pair of gloves
Will    +....                   g - +0 pair of boots
Stlth   +.........              f - amulet of regeneration
HPRegen 1.07/turn               q - ring of poison resistance
MPRegen 0.17/turn               w - +4 ring of evasion

@: no status effects
A: no striking features
a: Renounce Religion, Fiery Armour, Foxfire Swarm, Rising Flame


You were on level 4 of the Lair of Beasts.
You worshipped Ignis.
Ignis was extremely pleased with you.
You visited 3 branches of the dungeon, and saw 16 of its levels.

You collected 1175 gold pieces.
You spent 294 gold pieces at shops.

Inventory:

Hand Weapons
 a - a -1 hand axe of flaming
 e - the +5 spear of the Harvest (weapon) {drain, Will+ Int+2}
   (You bought it in a shop on level 4 of the Dungeon)

   A truly terrible weapon, it drains the life of any living foe it strikes.
   Int:       It affects your intelligence (+2).
   Will:      It increases your willpower.
 j - a +2 vampiric short sword
 K - a +2 spectral quarterstaff
 M - a +0 hand axe of electrocution
Missiles
 d - 4 curare-tipped darts
 l - 5 silver javelins
 z - 4 atropa-tipped darts
 E - 25 poisoned darts
 W - 5 boomerangs
Armour
 b - a +0 cloak (worn)
 c - a +2 pair of gloves (worn)
 g - a +0 pair of boots (worn)
 u - a +0 helmet (worn)
 J - +5 acid dragon scales (worn)
 T - a +0 kite shield
Jewellery
 f - an amulet of regeneration (around neck)
 q - a ring of poison resistance (left hand)
 w - a +4 ring of evasion (right hand)
 C - a ring of magical power
 N - a ring of flight
 P - a +4 ring of slaying
 Q - a ring of protection from cold
 U - a ring of willpower
 X - a ring of protection from fire
Wands
 v - a wand of polymorph (3)
 G - a wand of charming (9)
 R - a wand of flame (15)
Scrolls
 h - a scroll of identify
 p - 14 scrolls of teleportation
 t - 2 scrolls of amnesia
 y - a scroll of magic mapping {unknown}
 A - a scroll of brand weapon {unknown}
 I - 3 scrolls of enchant weapon
 V - a scroll of fog {unknown}
Potions
 i - a potion of might
 k - 2 potions of mutation {unknown}
 m - 5 potions of curing
 n - 4 potions of invisibility
 o - 2 potions of ambrosia
 r - a potion of magic {unknown}
 s - 8 potions of lignification
 x - 2 potions of resistance {unknown}
 B - a potion of haste
 D - 3 potions of heal wounds
 F - 3 potions of brilliance
 O - a potion of cancellation {unknown}
 Z - 2 potions of flight {unknown}


   Skills:
 - Level 7.2 Fighting
 - Level 12.1(13.0) Axes
 - Level 3.5(7.4) Maces & Flails
 * Level 5.3(8.5) Polearms
 + Level 8.3 Armour
 + Level 5.7 Spellcasting
 * Level 9.6 Conjurations
 * Level 12.2 Fire Magic
 * Level 6.1 Ice Magic
 - Level 4.0 Poison Magic


You had 15 spell levels left.
You knew the following spells:

 Your Spells              Type           Power      Damage    Failure   Level
a - Scorch                Fire           98%        2d9       1%          2
b - Mephitic Cloud        Conj/Pois/Air  21%        N/A       7%          3
c - Ozocubu's Armour      Ice            27%        N/A       3%          3

Your spell library contained the following spells:

 Spells                   Type           Power      Damage    Failure   Level
 Magic Dart               Conj           100%       1d8       1%          1
 Call Imp                 Summ           5%         N/A       22%         2
 Sublimation of Blood     Necr           5%         N/A       22%         2
 Wereblood                Tmut           5%         N/A       22%         2
 Cause Fear               Hex            2%         N/A       83%         4
 Dragon Form              Tmut           2%         N/A       100%        7
 Ozocubu's Refrigeration  Ice            13%        4d7       100%        7
 Summon Hydra             Summ           2%         N/A       100%        7
 Dragon's Call            Summ           2%         N/A       100%        9


Dungeon Overview and Level Annotations

Branches:
Dungeon (11/15)            Temple (1/1) D:5            Lair (4/6) D:8
  Snake (0/4) Lair:4          Orc (0/2) D:11
  Swamp: Lair:2-4    Shoals: Lair:2-4

Altars:
Ashenzari
Cheibriados
Dithmenos
Elyvilon
Fedhas
Gozag
Hepliaklqana
Kikubaaqudgha
Makhleb
Nemelex Xobeh
Okawaru
Qazlal
Ru
Sif Muna
Trog
Uskayaw
Vehumet
Wu Jian
Xom
Yredelemnul
Zin
The Shining One

Shops:
D:2 [   D:4 (   D:5 !*[=*   D:9 (

Annotations:
D:4 dig4gold
Lair:2 exclusion: downstairs


Message History

The bolt of cold hits you!!
You hit the bog body but do no damage.
The bog body is severely damaged.
The bog body casts a spell at you. The bolt of cold misses you.
Flames lash the bog body.
The bog body is almost destroyed.
The bog body touches you. The bog body freezes you!!
You are too injured to fight recklessly!
You hit the bog body.
You destroy the bog body!
You are too injured to fight recklessly!
Casting: Scorch (safe; 1% risk of failure)
Confirm with . or Enter, or press ? or * to list all spells.
Flames lash the bog body.
The bog body resists.
The bog body is lightly damaged.
The bog body's fire resistance burns away.
The bog body casts a spell at you. The bolt of cold hits you!
Your magical contamination has completely faded away.
Casting: Scorch (safe; 1% risk of failure)
Confirm with . or Enter, or press ? or * to list all spells.
Flames lash the bog body.
The bog body is heavily damaged.
Unknown command.
Casting: Scorch (safe; 1% risk of failure)
Confirm with . or Enter, or press ? or * to list all spells.
Flames lash the bog body.
The bog body is severely damaged.
The bog body touches you. The bog body freezes you!
* * * LOW HITPOINT WARNING * * *
Unknown command.
Casting: Scorch (safe; 1% risk of failure)
Confirm with . or Enter, or press ? or * to list all spells.
Flames lash the bog body.
The bog body is almost destroyed.
The bog body touches you!
* * * LOW HITPOINT WARNING * * *
The bog body freezes you!
You die...

#............#### ###
#P...........P# ##.#
#............## ##...
###........### #P...
#........# #..##
###......## ##.## #####
##.†⌠⌠..## #...#
#.#.#####n♣..♣.P## ##.##
##.#..##.@♣..♣...# ###...#
##.......♣♣..♣♣.## #......
#........♣≈n.≈♣.# ##......
##.......♣≈..≈♣.###.......
#.......♣≈..≈♣.##.....>..
#.......♣♣..≈♣.##........
#......♣♣n.♣≈♣♣##.#......
##......♣♣≈..≈♣ #.#......
#.#.....♣♣≈♣.≈♣ ##.###...#


You could see a bog body (combustible).

Vanquished Creatures
  Rupert (Lair:3)
  3 hydras
  A two-headed ogre (D:11)
  Sonja (Lair:3)
  Nergalle (Lair:3)
  A bog body (Lair:4)
  An oklob plant (Lair:2)
  5 elephants (Lair:4)
  7 black mambas
  2 rime drakes
  6 cane toads
  2 unseen horrors
  2 komodo dragons
  3 trolls (D:10)
  4 polar bears
  A hornet (D:9)
  11 blink frogs
  4 wyverns
  A wraith (D:11)
  Grum (D:11)
  34 yaks
  4 basilisks
  4 vampire mosquitoes
  An acid dragon (D:11)
  4 nagas (Lair:4)
  11 water moccasins
  A sky beast (D:7)
  4 orc warriors
  3 ogres
  21 wolves
  5 centaurs
  2 phantoms
  A gnoll sergeant (D:9)
  7 bullfrogs
  2 scorpions
  A water moccasin zombie (D:7)
  A water moccasin skeleton (D:5)
  6 killer bees
  12 wights
  An electric eel (D:8)
  3 howler monkeys (D:10)
  A centaur zombie (D:7)
  2 gnoll shamans
  8 hounds
  6 orc priests
  2 bullfrog skeletons (D:6)
  A centaur skeleton (D:7)
  6 orc wizards
  An iguana (D:5)
  Natasha (thrice) (D:3)
  7 hell rats (Lair:4)
  A killer bee zombie (D:8)
  A howler monkey zombie (D:11)
  13 gnolls
  2 howler monkey skeletons
  6 adders
  2 worms
  2 dart slugs
  26 orcs
  10 ball pythons
  6 endoplasms
  A giant cockroach (D:4)
  8 goblins
  9 hobgoblins
  2 jackals (D:2)
  3 quokkas
  6 bats
  2 frilled lizards (D:3)
  4 kobolds (D:1)
  5 rats
  A butterfly (Lair:3)
333 creatures vanquished.

Vanquished Creatures (others)
  21 foxfires (D:9)
  11 fungi
  17 plants
49 creatures vanquished.

Grand Total: 382 creatures vanquished

Notes
Turn   | Place    | Note
-------+----------+-------------------------------------------
     0 | D:1      | fragbeetle the Hill Orc Cinder Acolyte began the quest for
                  | the Orb.
     0 | D:1      | Reached XP level 1. HP: 19/19 MP: 2/2
   545 | D:1      | Reached XP level 2. HP: 24/27 MP: 3/3
   548 | D:1      | Learned a level 2 spell: Scorch
   631 | D:1      | Found a faded altar of an unknown god.
   972 | D:1      | Reached XP level 3. HP: 32/33 MP: 2/4
  1183 | D:2      | Reached skill level 1 in Armour
  1325 | D:2      | Found Gacav's Armour Emporium.
  1341 | D:2      | Reached skill level 1 in Maces & Flails
  1390 | D:2      | Found a hide-covered altar of Uskayaw.
  2036 | D:3      | Reached XP level 4. HP: 31/40 MP: 1/5
  2276 | D:3      | HP: 2/40 [orc priest/divine providence (14)]
  2282 | D:3      | Reached XP level 5. HP: 8/46 MP: 5/7
  2659 | D:3      | Noticed Natasha
  2664 | D:3      | Killed Natasha
  2664 | D:3      | Noticed Natasha
  2672 | D:3      | Killed Natasha
  2939 | D:3      | Noticed Natasha
  2945 | D:3      | Killed Natasha
  2946 | D:3      | Reached XP level 6. HP: 50/53 MP: 1/8
  3115 | D:4      | Reached skill level 5 in Fire Magic
  3252 | D:3      | Reached skill level 5 in Axes
  3469 | D:4      | Reached XP level 7. HP: 60/60 MP: 2/10
  3695 | D:4      | Found Urioj's Antique Weapon Boutique.
  4050 | D:4      | Reached skill level 5 in Fighting
  4430 | D:4      | Found a glowing silver altar of Zin.
  4542 | D:5      | Entered Level 5 of the Dungeon
  4554 | D:5      | Reached XP level 8. HP: 46/68 MP: 3/11
  4704 | D:5      | Learned a level 3 spell: Mephitic Cloud
  4738 | D:5      | Found Goulet's Jewellery Emporium.
  4764 | D:5      | Found Ehueplul's Armour Shop.
  4890 | D:5      | Reached skill level 1 in Conjurations
  4890 | D:5      | Reached skill level 1 in Poison Magic
  4970 | D:5      | Found Qaju's Distillery.
  4989 | D:5      | Bought a potion of curing for 42 gold pieces
  4989 | D:5      | Bought a potion of degeneration for 14 gold pieces
  4989 | D:5      | Bought a potion of heal wounds for 70 gold pieces
  5032 | D:5      | Found Poonoraff's General Store.
  5240 | D:5      | Found Karat's Assorted Antiques.
  5290 | D:5      | Found a staircase to the Ecumenical Temple.
  5306 | Temple   | Entered the Ecumenical Temple
  6868 | D:7      | Reached XP level 9. HP: 66/75 MP: 4/13
  8005 | D:8      | Identified the +0 plate armour of Repulsion {Regen+ Str+3
                  | Int+2}
  8304 | D:8      | Found a staircase to the Lair.
  9087 | D:9      | Reached XP level 10. HP: 75/84 MP: 15/15
  9096 | D:9      | Reached skill level 5 in Armour
  9399 | D:9      | Found Onayri's Antique Weapon Boutique.
  9955 | D:10     | Entered Level 10 of the Dungeon
 10029 | D:10     | Reached skill level 5 in Conjurations
 10958 | D:11     | Noticed Grum
 10986 | D:10     | Learned a level 3 spell: Ozocubu's Armour
 11094 | D:11     | Found a staircase to the Orcish Mines.
 11131 | D:11     | Reached skill level 1 in Ice Magic
 11158 | D:11     | Noticed a two-headed ogre
 11222 | D:10     | Killed an unseen horror
 11223 | D:10     | Reached XP level 11. HP: 82/92 MP: 12/17
 11381 | D:11     | Reached skill level 10 in Axes
 11538 | D:11     | Killed Grum
 11667 | D:11     | Noticed a five-headed hydra
 11675 | D:11     | Killed a five-headed hydra
 11818 | D:11     | Killed a two-headed ogre
 12159 | Lair:1   | Entered Level 1 of the Lair of Beasts
 12191 | Lair:1   | Noticed a four-headed hydra
 12227 | D:8      | Killed a four-headed hydra
 12391 | Lair:1   | Reached skill level 10 in Fire Magic
 13412 | Lair:2   | Noticed an oklob plant
 13420 | Lair:2   | Killed an oklob plant
 13780 | Lair:1   | Reached XP level 12. HP: 57/100 MP: 16/19
 13930 | Lair:2   | Noticed a six-headed hydra
 13943 | Lair:2   | Killed a six-headed hydra
 14386 | D:4      | Bought an encrusted spear for 168 gold pieces
 14386 | D:4      | Identified the +5 spear of the Harvest {drain, Will+ Int+2}
                  | (You bought it in a shop on level 4 of the Dungeon)
 14879 | Lair:2   | Reached skill level 5 in Spellcasting
 15475 | Lair:3   | Noticed Rupert
 15553 | Lair:2   | Reached skill level 1 in Polearms
 15646 | Lair:3   | Killed Rupert
 15956 | Lair:3   | Noticed Nergalle
 15981 | Lair:3   | Killed Nergalle
 16421 | Lair:3   | Reached skill level 5 in Ice Magic
 16712 | Lair:3   | Noticed Sonja
 16725 | Lair:3   | Killed Sonja
 16726 | Lair:3   | Reached XP level 13. HP: 105/105 MP: 18/21
 17269 | Lair:4   | Found a staircase to the Snake Pit.
 17931 | Lair:4   | Reached skill level 5 in Polearms
 18721 | Lair:4   | Slain by a bog body

Illustrated notes

Levels and vault maps discovered:
D:1:      dpeg_arrival_round_c, layout_basic,
          hellmonk_ecumenical_altar_slurped_away, minmay_pentomino_w2
D:2:      layout_basic, basic_altar, serial_shops, shop,
          kennysheep_big_empty_room
D:3:      layout_basic, uniq_natasha
D:4:      layout_basic, zin_treasury, serial_forest, infiniplex_forest_lined_2,
          infiniplex_forest_clump_long, infiniplex_forest_lined_corner,
          infiniplex_forest_lined_3_way, infiniplex_forest_lined_corner,
          infiniplex_forest_clump_large, infiniplex_forest_straight_1,
          serial_shops, nicolae_square_shop, st_stairs_5
D:5:      layout_basic, minmay_temple_entry_mist, serial_shops,
          nicolae_diamond_shop, nicolae_shop_behind_doors,
          nicolae_stop_n_shop_1, nicolae_shop_temple_entry_statues_fountains,
          nicolae_shop_trees, minmay_stone_trees_small
D:6:      layout_basic, kennysheep_crisscross
D:7:      minmay_skewed_foursquare, layout_gridville
D:8:      layout_layer_cave, dpeg_oklobed_lair, minmay_crystal_water
D:9:      layout_roguey, serial_shops, shop
D:10:     layout_small_grid
D:11:     layout_gridville, david_orc_2, uniq_grum
Temple:   mainiacjoe_temple_starburst
Lair:1:   layout_hall_layers, infiniplex_staircase_pool_2
Lair:2:   layout_cave_pods
Lair:3:   layout_big_grid, lemuel_fruit_fields, lemuel_fruit_fields,
          uniq_rupert, uniq_nergalle, uniq_sonja
Lair:4:   beast_lair_carwin_large_2, layout_cave_pods,
          nicolae_swamp_entry_splash_gauntlet,
          minmay_snake_entry_guardpost_small, nicolae_lair_grazing_beasts
          [nicolae_sub_lair_graze_edge, nicolae_sub_lair_graze_edge,
          nicolae_sub_lair_graze_edge, nicolae_sub_lair_graze_edge],
          lemuel_fruit_fields, grunt_megastairs_4

Skill      XL: |  1  2  3  4  5  6  7  8  9 10 11 12 13 |
---------------+----------------------------------------+-----
Armour         | 1 2 3 4 5 6 7 8 |  8.3
Maces & Flails | 1 2 3 |  3.5
Fire Magic     | 4 5 6 7 8 9 10 11 12 | 12.2
Fighting       | 4 5 6 7 |  7.2
Axes           | 5 6 8 9 11 12 | 12.1
Spellcasting   | 2 3 4 5 |  5.7
Conjurations   | 2 4 5 7 8 9 |  9.6
Poison Magic   | 2 3 4 |  4.0
Ice Magic      | 1 4 5 6 |  6.1
Polearms       | 3 5 |  5.3

Action                   |  1- 3 |  4- 6 |  7- 9 | 10-12 | 13-15 || total
-------------------------+-------+-------+-------+-------+-------++-------
Melee: Hand axe          |   123 |    59 |   102 |       |       ||   284
       Punch             |     1 |     1 |     4 |    10 |     4 ||    20
       Flail             |       |       |   137 |   246 |       ||   383
       Spear             |       |       |       |   133 |   361 ||   494
Throw: Dart              |     1 |       |       |     7 |     2 ||    10
 Cast: Scorch            |     9 |    30 |    96 |   278 |    56 ||   469
       Mephitic Cloud    |       |       |       |     5 |     1 ||     6
       Ozocubu's Armour  |       |       |       |       |     4 ||     4
Invok: Fiery Armour      |       |     1 |       |       |       ||     1
       Foxfire Swarm     |       |       |       |     1 |       ||     1
Evoke: Wand              |       |       |       |     1 |       ||     1
  Use: Scroll            |       |       |       |    14 |     1 ||    15
       Potion            |       |       |       |     3 |       ||     3
 Stab: Confused          |       |       |       |     2 |     1 ||     3
Armor: Robe              |     5 |       |       |       |       ||     5
       Ring mail         |    45 |       |       |       |       ||    45
       Leather armour    |       |    20 |    82 |    73 |       ||   175
       Acid dragon scale |       |       |       |   149 |   162 ||   311
Dodge: Dodged            |    74 |    32 |   175 |   538 |   316 ||  1135

Table legend: (Time is in decaauts)
 A = Elapsed time spent in this place.
 B = Non-inter-level travel time spent in this place.
 C = Inter-level travel time spent in this place.
 D = Time resting spent in this place.
 E = Time spent auto-exploring this place.
 F = Levels seen in this place.
 G = Mean time per level.
                   A        B        C        D        E       F      G
               +--------+--------+--------+--------+--------+-----+--------+
         Total |  18656 |  17702 |    954 |    549 |  13499 |  16 | 1166.0 |
       Dungeon |  12156 |  11419 |    737 |    349 |   8750 |  11 | 1105.1 |
        Temple |    605 |    557 |     48 |      0 |    549 |   1 |  605.0 |
          Lair |   5894 |   5725 |    169 |    200 |   4199 |   4 | 1473.5 |
               +--------+--------+--------+--------+--------+-----+--------+

Top non-repeatable levels by time:
  Lair:4: 1740 daAuts
  Lair:2: 1607 daAuts
     D:3: 1492 daAuts
     D:4: 1421 daAuts
    D:10: 1338 daAuts
  Lair:1: 1333 daAuts
     D:8: 1282 daAuts
     D:7: 1221 daAuts
  Lair:3: 1213 daAuts
     D:1: 1167 daAuts
     D:9: 1085 daAuts
     D:6: 912 daAuts
     D:5: 833 daAuts
    D:11: 797 daAuts
  Temple: 605 daAuts
